woodfighter, chaotic female human Rogue --------- ------------ -.......| |..........+ # |.......| |.)........| ##%#....<..%| |...........# ## |.......| |..........|# ------------- #### |.......| |...........#####|`.........`| ## --------- |..........|# #|.....`.....-###### ------------# #|...-----...| # # #|...|.{.|...|########## # #|..`|{.{|`..|## ---.---------- ### #|...|.{.|....## |............+ # #|...--.--.%.| |............| ###|.....`.....| |............| #|`.........`| |............| #------------- #....^.......>| ###########f@f######-------------- woodfighter the Rogue Experience level: 6 Strength: 16 Dexterity: 19 Constitution: 15 Intelligence: 9 Wisdom: 9 Charisma: 9 Health: 0(54) Energy: 25(25) Def: 3 Gold: 0 Moves: 3852 Dungeon seed: I-1TQ1oQQLSg8HwX Game ID: woodfighter_1556222003 Your Inventory: Weapons a - a +0 short sword (weapon in hand) g - a +0 elven dagger V - 9 +0 daggers (in quiver) Armor e - an uncursed +1 leather armor (being worn) i - a cursed -1 pair of levitation boots q - an uncursed +0 pair of gauntlets of power r - an uncursed +0 orcish helm t - an uncursed +0 pair of leather gloves v - an uncursed +0 orcish helm N - an uncursed +0 mummy wrapping Y - a cursed -1 orcish helm Comestibles d - 2 uncursed tins of violet fungus j - an uncursed lembas wafer s - an uncursed tripe ration u - an uncursed eucalyptus leaf E - an uncursed giant spider egg Spellbooks p - a cursed spellbook of stone to flesh Potions o - 2 uncursed potions of hallucination w - a cursed potion of hallucination Rings A - an uncursed ring of sustain ability Tools y - an uncursed lock pick B - a blessed brass lantern (0:1106) W - an uncursed blindfold Gems n - an uncursed garnet z - an uncursed topaz K - an uncursed worthless piece of blue glass Spells and supernatural/magical abilities: Name Level Category Fail Memory W - pray for help -- divine ? -- Your skills at the end: Miscellaneous Skills wands [Basic] Weapon Skills dagger [Basic] short sword [Basic] Spellcasting Skills Final Attributes: You were piously aligned. You were stealthy. You are dead. Vanquished creatures: a giant beetle a leprechaun a dust vortex 4 apes a bugbear a shrieker a gnome lord a kobold mummy 3 elf zombies 3 giant ants a floating eye 2 iguanas 2 rothes a rabid rat 2 jitterbugs a giant bat an orc zombie a gas spore a hobbit a large kobold a gecko 3 hobgoblins 2 giant rats 3 cave spiders a yellow mold 2 green molds a gnome a gnome zombie 7 jackals a fox 5 newts 2 goblins 5 grid bugs a bat 8 lichens 2 kobold zombies 75 creatures vanquished. Voluntary challenges: You did not adorn yourself with jewelry or accessories. You did not cause conflict. You were not invisible. You did not have reflection. You were not displaced. You had been an atheist until turn 3309. You used a wielded weapon 113 times, starting on turn 31. You did not apply a unicorn horn. You did not use plumbed fixtures. You did not drink any magical draughts. You read items or engraved 1 time, starting on turn 2289. You never genocided any monsters. You never polymorphed an object. You never changed form. You used no wishes. You never split a pudding. You never wrote Elbereth's name. You never violated your personal moral code. Dungeon overview: The Dungeons of Doom: levels 1 to 9 Level 1 some fountains a long staircase Level 2 a fountain stairs to The Gnomish Mines Level 3 Level 4 a general store Level 5 some fountains Level 6 (throne) a fountain, a throne Level 7 (stash) some fountains Level 8 <- You were here many fountains Level 9 The Gnomish Mines: Level 3 stairs to The Dungeons of Doom History has recorded: On T:1 you entered the Dungeons of Doom to retrieve the Amulet of Yendor! On T:33 you reached level 2 of The Dungeons of Doom. On T:524 you reached level 1 of The Gnomish Mines. On T:579 you reached level 3 of The Dungeons of Doom. On T:762 you advanced to experience level 2. On T:855 you reached level 4 of The Dungeons of Doom. On T:1214 you reached level 5 of The Dungeons of Doom. On T:1586 you reached level 6 of The Dungeons of Doom. On T:1606 you advanced to experience level 3. On T:1891 you advanced to experience level 4. On T:2122 you reached level 7 of The Dungeons of Doom. On T:2325 you advanced to experience level 5. On T:2541 you reached level 8 of The Dungeons of Doom. On T:3288 you advanced to experience level 6. On T:3309 you prayed to Kos. On T:3487 you reached level 9 of The Dungeons of Doom. Score breakdown: Gold: 0 ( 0 points) Experience: 6 levels ( 500 points) Exploration: 9 levels ( 240 points) Discoveries: 11 items ( 550 points) Variety of kills: 36 monsters ( 1800 points) Major goal: (nothing yet) ( 0 points) Survival: died (score multiplied by 3) Total score: 9270 Latest messages: Kitty drops a giant beetle corpse. Kitty picks up a giant beetle corpse. You finish searching. You hear some noises. You finish searching. (3x) You hear some noises. You finish searching. (3x) You hear some noises. You finish searching. You hear some noises. You finish searching. You displace kitty. You see here a fox corpse. The jaguar claws you! (2x) The jaguar bites! You stab the jaguar. The jaguar claws you! (2x) The jaguar bites! You stab the jaguar! The jaguar claws you! (2x) The jaguar bites! You stab the jaguar! The jaguar claws you! (2x) The jaguar bites! The jaguar claws you! (2x) The jaguar bites! You die... Final status: Goodbye woodfighter the Rogue, killed by a jaguar... You died in The Dungeons of Doom on dungeon level 8 with 9270 points, and 0 pieces of gold, after 3852 moves. You were level 6 with a maximum of 54 hit points when you died.